 Dungeon Crawl Stone Soup version 0.20-a0-351-gc9b4002 (webtiles) character file.

176 Junicave the Sneak (level 5, -3/37 HPs)
             Began as a Vampire Earth Elementalist on Dec 26, 2016.
             Slain by Duvessa
             ... wielding a +0 rapier
              (8 damage)
             ... on level 4 of the Dungeon.
             The game lasted 00:13:14 (4579 turns).

Junicave the Sneak (Vampire Earth Elementalist)     Turns: 4579, Time: 00:13:15

Health: -3/37      AC:  2    Str:  7    XL:     5   Next: 30%
Magic:  3/8        EV: 13    Int: 19    God:
Gold:   94         SH:  0    Dex: 14    Spells: 4/8 levels left

rFire  . . .     SeeInvis +     A - -1 short sword (curse)
rCold  + + .     Gourm    .     x - +0 robe (curse)
rNeg   + + +     Faith    .     (no shield)
rPois  ∞         Spirit   .     (no helmet)
rElec  .         Reflect  .     (no cloak)
rCorr  .         Harm     .     (no gloves)
MR     .....                    (no boots)
Stlth  +++++.....               r - amulet of rage
                                (no ring)
                                i - ring of positive energy

@: bloodless, non-regenerating
A: fangs 3, see invisible, unbreathing
a: Bat Form, Evoke Berserk Rage


You were on level 4 of the Dungeon.
You were bloodless.

You visited 1 branch of the dungeon, and saw 4 of its levels.

You collected 94 gold pieces.

Inventory:

Hand Weapons
 a - a +0 dagger
 A - a cursed -1 short sword (weapon)
Missiles
 b - 53 stones (quivered)
Armour
 c - a +0 robe
 g - a +0 leather armour
 m - a +0 ring mail
 x - a cursed +0 robe (worn)
 z - a +0 ring mail
Jewellery
 i - a ring of positive energy (left hand)
 r - an amulet of rage (around neck)
Scrolls
 j - 2 scrolls of identify {unknown}
 l - a scroll of fear {unknown}
 n - 4 scrolls of enchant armour {unknown}
 p - a scroll of enchant weapon {unknown}
 q - a scroll of noise {unknown}
 t - a scroll of recharging {unknown}
 v - a scroll of teleportation {unknown}
 y - 2 scrolls of remove curse {unknown}
Potions
 d - 15 potions of blood
 f - a potion of degeneration {unknown}
 h - 2 potions of flight {unknown}
 k - a potion of ambrosia {unknown}
 o - 5 potions of curing {unknown}
 s - a potion of might
 u - a potion of cure mutation {unknown}
 w - a potion of lignification {unknown}
 B - a potion of brilliance {unknown}
Books
 e - a book of Geomancy

   Spells                             Type                      Level
   a - Sandblast                      Earth                        1
   b - Passwall                       Transmutation/Earth          2
   c - Stone Arrow                    Conjuration/Earth            3
   d - Petrify                        Transmutation/Earth          4
   e - Lee's Rapid Deconstruction     Earth                        5


   Skills:
 + Level 1.0 Fighting
 + Level 0.9 Short Blades
 + Level 1.2 Armour
 + Level 3.4 Dodging
 + Level 4.9 Stealth
 + Level 2.3 Spellcasting
   Level 1.1 Transmutations
 + Level 3.7 Earth Magic


You had 4 spell levels left.
You knew the following spells:

 Your Spells              Type           Power        Failure   Level  Hunger
a - Sandblast             Erth           ###...       4%          1    #......
b - Stone Arrow           Conj/Erth      #.....       28%         3    ###....


Dungeon Overview and Level Annotations

Branches:
Dungeon (4/15)
 Temple: D:4-7

Altars:
Fedhas
Makhleb
Nemelex Xobeh
Qazlal
Xom

Annotations:
D:4 Dowan, Duvessa


Innate Abilities, Weirdness & Mutations

You do not heal naturally.
You are immune to poison.
You have razor-sharp teeth.
You have supernaturally acute eyesight. (SInv)
You can survive without breathing.


Message History

Casting: Sandblast
Confirm with . or Enter, or press ? or * to list all spells.
Aiming: Sandblast
Press: ? - help, Shift-Dir - straight line, f/p - Duvessa
Aim: Duvessa, wielding a rapier and wearing a ring mail (lightly wounded, fast)
The rocky blast hits Duvessa.
Duvessa is lightly wounded.
Duvessa hits you with a rapier.
* * * LOW HITPOINT WARNING * * *
Dowan says, "Stay away from my face!"
Dowan hits you with a dagger.
* * * LOW HITPOINT WARNING * * *
Dowan gestures wildly while chanting.
Dowan blinks!
Duvessa hits you with a rapier.
* * * LOW HITPOINT WARNING * * *
Dowan says, "My weaknesses are her strengths!"
Duvessa says, "When magic and the sword combine, nothing stands against them."
Duvessa says, "When magic and the sword combine, nothing stands against them."
Duvessa hits you with a rapier!
You die...

#..##.##.#........Z.#
##....#.......#
#..##[..#.#.## .#
##.....#.#.#.# .#
#............# .#
......##.#.### .#
..†.####.#.# .#
..#.####...#######.####..
P...............@........
..#.####..#######e######
P.........## #.#
....####...# #.#
###.####...# #e#
#....#.### #.....#
####...# #.#.### #....#
.. .# #....# ?.. .#


You could see Duvessa and Dowan.

Vanquished Creatures
  An orc wizard (D:3)
  A worker ant (D:4)
  4 adders
  An ooze (D:4)
  3 worms
  3 dart slugs (D:1)
  2 leopard geckos (D:3)
  2 orcs (D:3)
  4 ball pythons
  6 giant cockroaches
  2 goblins
  7 hobgoblins
  5 jackals
  6 kobolds
  A quokka (D:2)
  8 bats
  4 frilled lizards
  10 rats
70 creatures vanquished.

Notes
Turn   | Place    | Note
-------+----------+-------------------------------------------
     0 | D:1      | Junicave the Vampire Earth Elementalist began the quest for the Orb.
     0 | D:1      | Reached XP level 1. HP: 13/13 MP: 3/3
   323 | D:1      | Reached XP level 2. HP: 19/19 MP: 5/5
  1711 | D:1      | Reached XP level 3. HP: 24/24 MP: 2/6
  1812 | D:2      | Reached skill level 4 in Stealth
  2131 | D:2      | Found a stormy altar of Qazlal.
  2164 | D:2      | Learned a level 3 spell: Stone Arrow
  2612 | D:2      | Reached XP level 4. HP: 30/30 MP: 7/7
  2887 | D:3      | Reached skill level 1 in Armour
  3224 | D:3      | Found a shimmering altar of Xom.
  3470 | D:3      | Found a sparkling altar of Nemelex Xobeh.
  3609 | D:3      | Reached XP level 5. HP: 16/36 MP: 5/8
  4190 | D:3      | Found a sparkling altar of Nemelex Xobeh.
  4376 | D:3      | Found a shimmering altar of Xom.
  4488 | D:4      | Found a burning altar of Makhleb.
  4490 | D:4      | Noticed a slave
  4504 | D:4      | Noticed a slave
  4506 | D:4      | Found a blossoming altar of Fedhas.
  4543 | D:4      | Noticed an ogre
  4548 | D:4      | Reached skill level 1 in Fighting
  4551 | D:4      | Noticed a slave
  4564 | D:4      | Noticed Dowan
  4568 | D:4      | Noticed Duvessa
  4579 | D:4      | Slain by Duvessa

Vault maps used:
D:1:      dpeg_arrival_court
D:2:      first_bread, grunt_qazlal_clouds
D:3:      nemelex_altar_shiori, old_standard_altar, grunt_decor_resistance
D:4:      lemuel_upstairs_altar, demons_altar, kennysheep_mini, fedhas_altar_1,
          uniq_duvessa, uniq_pikel, uniq_robin

Skill      XL: |  1  2  3  4  5 |
---------------+----------------+-----
Stealth        | 4 |  4.9
Dodging        | 3 |  3.4
Armour         | 1 |  1.2
Fighting       | 1 |  1.0
Short Blades   | |  0.9
Spellcasting   | |  2.3
Transmutations | |  1.1
Earth Magic    | |  3.7

Action                   |  1- 3 |  4- 6 || total
-------------------------+-------+-------++-------
Melee: Dagger            |    99 |    37 ||   136
       Bite              |     6 |     5 ||    11
       Short sword       |       |    32 ||    32
 Cast: Sandblast         |    30 |    33 ||    63
  Use: Potion            |     2 |     2 ||     4
 Stab: Sleeping          |     5 |     8 ||    13
  Eat: Corpse            |     1 |       ||     1
Armor: Robe              |     5 |    12 ||    17
       Leather armour    |    26 |     8 ||    34
Dodge: Dodged            |    53 |    74 ||   127
